 Dungeon Sprint DCSS version 0.27-a0-333-gfa571bf19a (webtiles) character file.

Game seed: 10953656583012043821

139 Heh the Fighter (level 5, -2/48 HPs)
             Began as an Octopode Fighter on Feb 12, 2021.
             Was an Initiate of Gozag.
             Shot with an arrow by a centaur (10 damage)
             ... in the Dungeon (Sprint VII: "The Pits").
             The game lasted 00:01:10 (527 turns).

Heh the Fighter (Octopode Fighter)                   Turns: 527, Time: 00:01:11

Health: -2/48      AC:  1    Str: 15    XL:     5   Next: 22%
Magic:  5/5        EV: 11    Int: 10    God:    Gozag
Gold:   450        SH:  8    Dex: 13    Spells: 4/4 levels left

rFire    . . .     SeeInvis .   n - +1 long sword (flame)
rCold    . . .     Faith    .   b - +0 kite shield
rNeg     . . .     Spirit   .   (helmet restricted)
rPois    .         Reflect  .   (no amulet)
rElec    .         Harm     .   (no ring)
rCorr    .         Rampage  .   (no ring)
Will     .....     NoTele   +   (no ring)
Stlth    ++........             (no ring)
HPRegen  0.16/turn              (no ring)
MPRegen  0.09/turn              (no ring)
                                (no ring)
                                (no ring)

@: gold aura
A: almost no armour, stealthy swim, amphibious, 8 rings, constrict 8, camouflage
1, gelatinous body 1
a: Renounce Religion, Potion Petition, Call Merchant, Bribe Branch


You were in the Dungeon.
You worshipped Gozag.
Gozag was aware of your devotion.
You visited 1 branch You collected 450 gold pieces.

Inventory:

Hand Weapons
 a - a +0 long sword
 j - a +2 falchion
 n - a +1 long sword of flaming (weapon)
Armour
 b - a +0 kite shield (worn)
Scrolls
 i - a scroll of blinking
 l - 5 scrolls of amnesia
 m - a scroll of summoning
Potions
 c - a potion of might
 d - 6 potions of curing
 e - 4 potions of heal wounds
 f - a potion of haste
 g - 4 potions of magic
 h - 3 potions of berserk rage
 k - 2 potions of invisibility


   Skills:
 + Level 10.4 Fighting
 * Level 2.0 Long Blades
 + Level 3.0 Dodging
 + Level 3.0 Shields


You had 4 spell levels left.
You didn't know any spells.
Your spell library was empty.

Dungeon Overview and Level Annotations

Branches:
Dungeon (1/1)

Altars:
Ashenzari
Cheibriados
Dithmenos
Elyvilon
Fedhas
Gozag
Hepliaklqana
Kikubaaqudgha
Makhleb
Nemelex Xobeh
Okawaru
Qazlal
Ru
Sif Muna
Trog
Uskayaw
Vehumet
Wu Jian
Xom
Yredelemnul
Zin
The Shining One
Beogh
Jiyva
Lugonu

Annotations:
D Grinder


Innate Abilities, Weirdness & Mutations

You cannot wear most types of armour.
You are very stealthy in the water. (Stealth+)
You are amphibious.
You can wear up to eight rings at the same time.
You can use your tentacles to constrict eight enemies at once.
Your skin changes colour to match your surroundings (Stealth+).
Your rubbery body absorbs attacks. (AC +1, EV +1)


Message History

You resist with significant effort.
The floating eye gazes piercingly through you!
You shrug off the repeated paralysis!
Grinder hits you!
You writhe in agony.
You can move again.
You feel much better. Grinder gestures at you. Pain shoots through your body!
You barely miss Grinder. Your grab misses Grinder. Your squeeze misses Grinder.
Grinder is severely wounded.
Grinder blinks!
Unknown command.
You hit the quokka. You burn the quokka.
You kill the quokka!
The centaur shoots an arrow.
The arrow hits you! The floating eye's view fixates on you.
Unknown command.
You hit the floating eye. You burn the floating eye. You grab the floating eye.
The floating eye is heavily wounded.
You constrict the floating eye.
The floating eye becomes distracted by the nearby gold, dreaming of imaginary riches.
The floating eye turns its gaze towards you.
You hit the floating eye. You burn the floating eye.
The floating eye is no longer distracted by gold.
The floating eye is severely wounded.
You constrict the floating eye.
You kill the floating eye!
The centaur shoots an arrow.
The arrow hits you!
* * * LOW HITPOINT WARNING * * *
You block the gnoll's attack.
Grinder blinks!
Your Fighting skill gained 3 levels and is now at level 10!
You have reached level 4!
You have reached level 5!
You feel agile.
Setting a skill training target for Long Blades at 14.0.
You slash the gnoll! You burn the gnoll.
You kill the gnoll!
The centaur shoots an arrow.
You block the arrow.
The centaur shoots an arrow.
The arrow hits you!
You die...
Your body crumbles into a pile of gold.

#'#####'#####.....
#.#..)..#..##.....
#.#..)..#).#####'#
#.###'###))##.....
#.#.....#))##.....
#.#.....#[[##.....
#.####'##'###...<.
#.#........##.....
#@#........##.....
#$###########.....
#c......# ######
#.$ยง..g.#
#...#.c.# #..##
r.# #... .# #... #
#....


You could see a centaur.

Vanquished Creatures
  A floating eye (D)
  A mummy (D)
  2 gnolls (D)
  2 oozes (D)
  An adder zombie (D)
  An orc (D)
  A giant cockroach (D)
  A goblin (D)
  3 quokkas (D)
13 creatures vanquished.

Notes
Turn   | Place    | Note
-------+----------+-------------------------------------------
     0 | D        | Heh the Octopode Fighter began the quest for the Orb.
     0 | D        | Reached XP level 1. HP: 16/16 MP: 1/1
    11 | D        | Reached skill level 4 in Fighting
    37 | D        | Found a bloodstained altar of Trog.
    37 | D        | Found a shimmering blue altar of Sif Muna.
    37 | D        | Found a viscous altar of Jiyva.
    37 | D        | Found a hazy altar of Hepliaklqana.
    37 | D        | Found an opulent altar of Gozag.
    38 | D        | Found a glowing golden altar of the Shining One.
    38 | D        | Found a glowing silver altar of Zin.
    38 | D        | Found a basalt altar of Yredelemnul.
    38 | D        | Found a shimmering altar of Xom.
    38 | D        | Found an ornate altar of the Wu Jian Council.
    38 | D        | Found a sacrificial altar of Ru.
    38 | D        | Found a stormy altar of Qazlal.
    38 | D        | Found an iron altar of Okawaru.
    38 | D        | Found a sparkling altar of Nemelex Xobeh.
    38 | D        | Found a burning altar of Makhleb.
    38 | D        | Found a blossoming altar of Fedhas.
    38 | D        | Found a white marble altar of Elyvilon.
    38 | D        | Found a shadowy altar of Dithmenos.
    38 | D        | Found a snail-covered altar of Cheibriados.
    41 | D        | Found a corrupted altar of Lugonu.
    41 | D        | Found a radiant altar of Vehumet.
    41 | D        | Found a roughly hewn altar of Beogh.
    42 | D        | Found an ancient bone altar of Kikubaaqudgha.
    42 | D        | Found a hide-covered altar of Uskayaw.
    42 | D        | Found a broken altar of Ashenzari.
    45 | D        | Became a worshipper of Gozag Ym Sagoz the Greedy
    67 | D        | Reached skill level 5 in Fighting
    67 | D        | Reached XP level 2. HP: 7/25 MP: 2/2
   297 | D        | Reached skill level 6 in Fighting
   440 | D        | Reached XP level 3. HP: 31/31 MP: 3/3
   507 | D        | Noticed a centaur
   507 | D        | Noticed Grinder
   512 | D        | Reached skill level 7 in Fighting
   513 | D        | Noticed a floating eye
   519 | D        | Paralysed by Grinder for 3 turns
   526 | D        | Killed a floating eye
   527 | D        | Reached skill level 10 in Fighting
   527 | D        | Reached XP level 4. HP: 7/43 MP: 4/4
   527 | D        | Reached XP level 5. HP: 8/48 MP: 5/5
   527 | D        | Shot with an arrow by a centaur

Illustrated notes

Levels and vault maps discovered:
D:        pitsprint [storerooms_1, entrance_room_1, metal_vault_1, armoury_2,
          mini_pit_1, grid_room_1, main_hall_1, silver_pit, the_coven_3,
          the_vestibule_1, steel_vault_4, golden_pit, hallway_of_sentries,
          crystal_vault_2, iron_vault_4, final_vault]

Skill      XL: |  1  2  3 |
---------------+----------+-----
Fighting       | 5 6 10 | 10.4
Long Blades    | |  2.0
Dodging        | |  3.0
Shields        | |  3.0

Action                   |  1- 3 |  4- 6 || total
-------------------------+-------+-------++-------
Melee: Falchion          |    14 |       ||    14
       Tentacles         |     5 |       ||     5
       Constrict         |     9 |       ||     9
       Long sword        |    13 |     1 ||    14
  Use: Potion            |     2 |       ||     2
 Stab: Sleeping          |     2 |       ||     2
Armor: Skin              |     1 |       ||     1
Dodge: Dodged            |     9 |       ||     9
Block: Kite shield       |    11 |     1 ||    12
       Rpst.: Falchion   |     1 |       ||     1
       Long sword        |     1 |       ||     1

Table legend: (Time is in decaauts)
 A = Elapsed time spent in this place.
 B = Non-inter-level travel time spent in this place.
 C = Inter-level travel time spent in this place.
 D = Time resting spent in this place.
 E = Time spent auto-exploring this place.
 F = Levels seen in this place.
 G = Mean time per level.
                   A        B        C        D        E       F      G
               +--------+--------+--------+--------+--------+-----+--------+
         Total |    539 |    506 |     33 |    349 |      0 |   1 |  539.0 |
       Dungeon |    539 |    506 |     33 |    349 |      0 |   1 |  539.0 |
               +--------+--------+--------+--------+--------+-----+--------+

Top non-repeatable levels by time:
       D: 539 daAuts
